Map: Congelamento ER

Players

Seigifried

  • Race: Protoss Protoss
  • League: Master
  • Spawn Location: 11:00

TheZergLord - Winner!

  • Race: Zerg Zerg
  • League: Master
  • Spawn Location: 1:00

VOD

Have the link to the VOD?

Description

Time

  • Played on: May 23, 2016, 1:52 p.m.
  • Length: 13:12
Show
View Real Time Build Order
Export as new Build Order

Seigifried Protoss 

Build Orders: Nexus First, Colossus Rush 

Get SALT Encoding   

  12  0:04  Probe (Chrono Boost)  
  13  0:22  Pylon  
  13  0:24  Probe (Chrono Boost)  
  14  0:41  Probe (Chrono Boost)  
  15  0:56  Nexus  
  15  1:07  Gateway  
  15  1:20  Probe (Chrono Boost)  
  15  1:22  Assimilator  
  16  1:31  Probe (Chrono Boost)  
  17  1:41  Probe (Chrono Boost)  
  18  1:52  Probe (Chrono Boost)  
  19  1:55  Pylon  
  19  2:02  Probe (Chrono Boost)  
  19  2:03  Cybernetics Core  
  20  2:09  Probe (Chrono Boost)  
  20  2:13  Probe (Chrono Boost)  
  22  2:17  Assimilator  
  22  2:19  Probe (Chrono Boost)  
  23  2:27  Probe (Chrono Boost)  
  24  2:30  Probe (Chrono Boost)  
  25  2:38  Probe (Chrono Boost)  
  25  2:41  Probe (Chrono Boost)  
  27  2:48  Probe (Chrono Boost)  
  29  2:51  Probe (Chrono Boost)  
  29  2:54  Adept  
  29  2:55  Warp Gate  
  31  2:59  Gateway  
  31  3:02  Gateway, Mothership Core (Chrono Boost)  
  33  3:14  Gateway  
  33  3:16  Probe (Chrono Boost)  
  34  3:20  Probe (Chrono Boost)  
  35  3:27  Probe (Chrono Boost)  
  35  3:28  Robotics Facility  
  35  3:31  Probe (Chrono Boost)  
  36  3:41  Twilight Council  
  36  3:43  Probe (Chrono Boost)  
  36  3:45  Pylon  
  37  3:54  Probe x2 (Chrono Boost)  
  39  3:57  Assimilator  
  39  4:04  Probe (Chrono Boost)  
  39  4:05  Probe (Chrono Boost)  
  41  4:15  Probe (Chrono Boost)  
  41  4:16  Probe (Chrono Boost)  
  43  4:20  Robotics Bay  
  43  4:22  Assimilator  
  43  4:25  Probe (Chrono Boost)  
  43  4:26  Probe (Chrono Boost)  
  43  4:29  Observer  
  46  4:37  Pylon  
  46  4:38  Probe x2 (Chrono Boost)  
  48  4:48  Probe x2 (Chrono Boost)  
  50  4:58  Stalker x2  
  50  4:59  Probe (Chrono Boost)  
  55  5:00  Adept x2  
  59  5:17  Pylon  
  58  5:28  Pylon, Colossus (Chrono Boost)  
  58  5:29  Gateway  
  58  5:31  Gateway  
  64  5:38  Extended Thermal Lance (Chrono Boost)  
  64  5:44  Nexus  
  64  5:46  Pylon  
  64  5:51  Adept x2  
  64  5:52  Sentry x2  
  63  6:15  Stalker x3  
  63  6:16  Stalker  
  71  6:23  Pylon x2  
  67  6:31  Stalker x2  
  65  6:33  Colossus  
  71  6:50  Sentry  
  71  6:51  Adept x2, Sentry  
  71  6:53  Nexus  
  79  6:55  Pylon  
  79  6:58  Pylon  
  79  7:01  Probe  
  80  7:04  Probe  
  80  7:05  Forge  
  81  7:14  Adept x3, Sentry x2  
  91  7:19  Stalker  
  93  7:24  Warp Prism  
  93  7:25  Pylon  
  95  7:37  Stalker x2  
  95  7:42  Probe x2  
  95  7:43  Sentry  
  103  7:48  Sentry  
  105  7:54  Probe  
  105  7:56  Adept  
  105  7:57  Adept  
  110  8:05  Disruptor  
  110  8:12  Adept x3, Probe  
  115  8:14  Probe x2  
  122  8:28  Adept  
  123  8:35  Mothership Core  
  118  9:01  Pylon  
  114  9:02  Pylon  
  101  9:19  Probe  
  101  9:20  Colossus (Chrono Boost)  
  106  9:26  Probe  
  106  9:29  Adept  
  109  9:31  Nexus, Probe  
  109  9:33  Pylon  
  109  9:34  Pylon  
  110  9:42  Pylon  
  110  9:49  Probe, Assimilator  
  110  9:51  Assimilator  
  111  9:53  Adept, Sentry  
  111  9:54  Adept  
  115  10:02  Blink (Chrono Boost)  
  115  10:07  Gateway  
  115  10:08  Gateway  
  115  10:19  Adept  
  115  10:20  Adept x2  
  121  10:22  Warp Prism  
  123  10:33  Observer Gravitic Boosters  
  123  10:39  Gateway  
  123  10:52  Adept x2  
  123  10:54  Colossus  
  123  10:55  Adept  
  133  11:20  Forge, Stalker x3  
  139  11:26  Stalker, Sentry  
  143  11:33  Probe x2  
  145  11:42  Stalker  
  145  11:44  Stalker  
  147  11:47  Stalker x2  
  139  11:54  Stalker x4  
  51  13:02  Stalker x2  
  51  13:03  Stalker x2  
Show
View Real Time Build Order
Export as new Build Order

TheZergLord Zerg - Winner!

Build Orders: Hatch First, Lurkers 

Get SALT Encoding   

  12  0:01  Drone  
  13  0:12  Overlord  
  13  0:17  Drone  
  14  0:31  Drone x2  
  14  0:34  Drone  
  17  0:55  Hatchery  
  16  0:58  Drone  
  16  1:02  Drone  
  18  1:15  Extractor  
  18  1:18  Spawning Pool  
  16  1:19  Drone  
  16  1:22  Drone  
  18  1:31  Drone  
  19  1:39  Overlord  
  19  1:54  Drone  
  20  2:05  Queen  
  20  2:06  Zergling x2  
  20  2:07  Queen  
  25  2:08  Drone  
  26  2:17  Metabolic Boost  
  26  2:19  Drone x2  
  28  2:23  Drone  
  28  2:28  Drone  
  30  2:44  Hatchery  
  30  2:45  Drone  
  30  2:46  Drone  
  30  2:48  Overlord  
  31  2:52  Drone  
  32  3:07  Drone x3  
  35  3:18  Queen x2  
  39  3:21  Drone x5  
  44  3:36  Roach Warren  
  44  3:39  Extractor, Overlord  
  42  3:50  Extractor  
  42  3:54  Drone x2  
  43  4:03  Drone x2  
  43  4:04  Drone x4  
  43  4:05  Drone x2  
  43  4:06  Drone x2  
  53  4:15  Overlord  
  53  4:16  Roach x2  
  57  4:25  Overlord x3  
  57  4:26  Overlord x2  
  57  4:43  Roach x6  
  69  4:53  Roach x6  
  69  4:54  Roach  
  69  4:56  Drone  
  69  4:57  Drone  
  69  4:59  Drone  
  86  5:08  Roach x3  
  86  5:09  Roach  
  86  5:10  Roach  
  96  5:17  Overlord x2  
  96  5:22  Spore Crawler  
  96  5:24  Drone, Spore Crawler x2  
  96  5:26  Drone  
  96  5:27  Drone  
  95  5:49  Lair  
  95  5:53  Drone x11  
  95  5:54  Drone x2  
  106  6:11  Drone x7  
  113  6:20  Extractor  
  113  6:21  Extractor  
  113  6:24  Drone x4  
  111  6:26  Evolution Chamber  
  111  6:27  Drone, Extractor  
  104  6:34  Hatchery, Roach x2  
  103  6:41  Roach x3  
  109  6:47  Glial Reconstitution  
  109  6:50  Hydralisk Den  
  109  6:53  Zerg Missile Weapons Level 1  
  108  7:04  Overlord x4  
  108  7:19  Hydralisk  
  108  7:20  Hydralisk, Muscular Augments  
  112  7:23  Hydralisk x3  
  112  7:24  Hydralisk x11  
  112  7:26  Hydralisk  
  142  7:47  Overlord  
  142  7:50  Drone x2  
  144  7:54  Drone x7  
  151  8:02  Extractor  
  147  8:05  Extractor  
  141  8:13  Overlord x3  
  141  8:15  Roach  
  151  8:34  Roach x2  
  147  8:39  Roach x2  
  147  8:40  Spine Crawler x2, Roach x8  
  113  9:10  Roach  
  113  9:11  Roach x10  
  113  9:13  Lurker Den  
  113  9:14  Zerg Missile Weapons Level 2  
  123  9:29  Hydralisk x4  
  123  9:30  Hydralisk  
  133  9:34  Queen  
  133  9:36  Ravager x5  
  133  9:37  Hydralisk x2, Ravager  
  145  9:39  Hatchery  
  145  9:40  Hatchery, Ravager x2  
  145  9:42  Hydralisk  
  147  9:50  Roach x2  
  147  9:51  Roach  
  153  10:10  Overlord x2  
  153  10:18  Evolution Chamber, Zergling x2  
  153  10:19  Zergling x14  
  160  10:33  Roach x3  
  160  10:34  Roach x5  
  174  10:39  Lurker  
  174  10:40  Lurker x8  
  183  10:56  Hydralisk  
  183  10:57  Hydralisk x5  
  184  11:28  Lurker  
  184  11:29  Lurker x4  
  189  11:34  Overseer  
  121  12:30  Hydralisk x5  
  121  12:31  Hydralisk x14  
Tags
 
Add a new tag
Caveats
  • Supply blocks, unpowered buildings, or Contaminate may cause inaccurate times.
  • Supply counts are checked every 10 seconds.